 Dungeon Crawl Stone Soup version 0.21-a0-404-g291f19a (webtiles) character file.

630 Gorice the Chiller (level 7, -1/52 HPs)
             Began as a Demonspawn Wanderer on Oct 28, 2017.
             Was a Follower of Yredelemnul.
             Slain by Mitsuki's ghost (12 damage)
             ... on level 4 of the Dungeon.
             The game lasted 00:28:43 (5693 turns).

Gorice the Chiller (Demonspawn Wanderer)            Turns: 5693, Time: 00:28:44

Health: -1/52      AC: 13    Str: 16    XL:     7   Next: 24%
Magic:  11/11      EV: 11    Int: 13    God:    Yredelemnul [*.....]
Gold:   263        SH:  0    Dex: 14    Spells: 6/12 levels left

rFire    . . .     SeeInvis .   a - +2 dagger (venom)
rCold    . . .     Gourm    .   (no shield)
rNeg     . . .     Faith    .   e - +1 robe
rPois    .         Spirit   .   (no helmet)
rElec    .         Reflect  .   z - +0 cloak
rCorr    .         Harm     .   G - +0 pair of gloves {Str+3}
MR       .....                  (no boots)
Stlth    ++........             (no amulet)
HPRegen  0.17/turn              x - ring of wizardry
MPRegen  0.12/turn              h - ring of wizardry

@: icy armour, slow
A: yellow scales 2, powered by pain 2
a: Animate Remains, Renounce Religion


You were on level 4 of the Dungeon.
You worshipped Yredelemnul.
Yredelemnul was aware of your devotion.
You were hungry.

You visited 1 branch of the dungeon, and saw 5 of its levels.

You collected 263 gold pieces.

Inventory:

Hand Weapons
 a - a +2 dagger of venom (weapon)
   (You took it off a goblin on level 3 of the Dungeon)
 r - a +0 flail
 v - a +0 lajatang
 E - a +2 dagger
Missiles
 j - 60 sling bullets
 q - 3 curare-tipped needles
 s - 9 tomahawks (quivered)
 Y - 71 stones
Armour
 e - a +1 robe (worn)
 l - a +1 ring mail of poison resistance
   (You took it off an orc on level 3 of the Dungeon)
 t - a +0 buckler
 z - a +0 cloak (worn)
 G - a +0 pair of gloves of strength (worn)
   (You found it on level 3 of the Dungeon)
Jewellery
 h - a ring of wizardry (right hand)
 x - a ring of wizardry (left hand)
 C - an uncursed ring of resist corrosion
 F - a +2 ring of intelligence
 M - an uncursed amulet of guardian spirit
Wands
 J - a wand of flame (15/48)
 L - a wand of digging (11/24)
Scrolls
 k - a scroll of remove curse
 o - 2 scrolls of enchant armour
 y - a scroll of teleportation {!r}
 I - 3 scrolls of immolation {!r}
Potions
 b - a potion of berserk rage
 c - 4 potions of curing
 g - 2 potions of might {!q}
 i - a potion of invisibility {!q}
 m - 2 potions of magic {!q}
 n - a potion of cancellation {unknown}
 u - a potion of brilliance {unknown}
 w - 2 potions of lignification {!q}
 B - 2 potions of heal wounds {!q}
 D - 2 potions of mutation {!q}
 K - a potion of agility {unknown}
Books
 d - the Volume of the Glacier

   Spells                             Type                      Level
   a - Freeze                         Ice                          1
   b - Ozocubu's Armour               Charms/Ice                   3
 A - a book of Cantrips
Comestibles
 f - 7 bread rations {!e}
 p - 2 meat rations {!e}


   Skills:
 - Level 3.0 Fighting
 - Level 1.7 Stealth
 - Level 1.0 Shields
 - Level 1.0 Unarmed Combat
 + Level 3.1 Spellcasting
 * Level 6.4 Ice Magic
   Level 1.0 Poison Magic


You had 6 spell levels left.
You knew the following spells:

 Your Spells              Type           Power        Failure   Level  Hunger
a - Freeze                Ice            ###.         1%          1    #......
m - Summon Small Mammal   Summ           #...         6%          1    #......
o - Ozocubu's Armour      Chrm/Ice       ##......     5%          3    ###....
s - Animate Skeleton      Necr           N/A          6%          1    #......


Dungeon Overview and Level Annotations

Branches:
Dungeon (5/15)
 Temple: D:4-7

Altars:
Gozag
Qazlal
Uskayaw
Yredelemnul
Zin

Annotations:
D:4 Mitsuki's ghost, amateur HOFi
D:5 Armakuni's ghost, novice HuNe


Innate Abilities, Weirdness & Mutations

You are mostly covered in yellow scales. (AC +3)
You sometimes gain power by taking damage.


Message History

Your rat bites Mitsuki's ghost.
You hit Mitsuki's ghost but do no damage.
Mitsuki's ghost is heavily damaged.
Mitsuki's ghost hits you!
Your rat bites Mitsuki's ghost but does no damage. x2
Damage: 7 (max 9)
You hit Mitsuki's ghost but do no damage.
Mitsuki's ghost is heavily damaged.
Mitsuki's ghost barely misses you.
Your rat barely misses Mitsuki's ghost.
Your rat bites Mitsuki's ghost but does no damage.
You hit Mitsuki's ghost but do no damage.
Mitsuki's ghost is heavily damaged.
Mitsuki's ghost barely misses you.
Your rat bites Mitsuki's ghost. x2
You hit Mitsuki's ghost but do no damage.
Mitsuki's ghost is heavily damaged.
Mitsuki's ghost hits you but does no damage.
Your rat bites Mitsuki's ghost but does no damage. x2
You puncture Mitsuki's ghost!
Mitsuki's ghost is severely damaged.
Mitsuki's ghost hits you!
* * * LOW HITPOINT WARNING * * *
Your rat bites Mitsuki's ghost but does no damage.
Your rat barely misses Mitsuki's ghost.
Damage: 9 (max 9)
You hit Mitsuki's ghost but do no damage.
Mitsuki's ghost is severely damaged.
Mitsuki's ghost closely misses you.
Your rat bites Mitsuki's ghost.
Your rat bites Mitsuki's ghost but does no damage.
You hit Mitsuki's ghost but do no damage.
Mitsuki's ghost is severely damaged.
Mitsuki's ghost hits you but does no damage.
Your rat bites Mitsuki's ghost but does no damage. x2
You barely miss Mitsuki's ghost.
Mitsuki's ghost is severely damaged.
Mitsuki's ghost hits you!
* * * LOW HITPOINT WARNING * * *
Your rat bites Mitsuki's ghost.
Your rat bites Mitsuki's ghost but does no damage.
Damage: 12 (max 12)
You hit Mitsuki's ghost but do no damage.
Mitsuki's ghost is severely damaged.
Mitsuki's ghost hits you.
* * * LOW HITPOINT WARNING * * *
Your rat barely misses Mitsuki's ghost.
Your rat bites Mitsuki's ghost.
Damage: 1 (max 12)
You barely miss Mitsuki's ghost.
Mitsuki's ghost is severely damaged.
Mitsuki's ghost hits you!
You die...
Your body rises from the dead as a mindless zombie.

......................# #..##.
.................####.# #...#.
..................###.# #.#.#.
...................##.# #.#.#.
......................########.#.
......................##.........
......................##.#####...
................r.....##.######..
................@W...............
................r.....##.#######.
......................##.# #.....
......................##.###.###.
...)<.........<..................
.....................###.........
....................#............
....(...............#.##.###.=...
..................#.#.##.# ####..


You could see Mitsuki's ghost and 2 friendly rats.

Vanquished Creatures
  An ice beast (D:5)
  An ogre (D:4)
  The ghost of darxusza the Chucker, a weakling HaHu (D:3)
  A crimson imp (D:5)
  2 orc priests
  Crazy Yiuf (D:2)
  2 orc wizards
  A centaur skeleton (D:4)
  A hound zombie (D:4)
  A hound skeleton (D:5)
  4 adders
  An ooze (D:3)
  2 worms
  3 dart slugs
  6 leopard geckos
  17 orcs
  9 bats
  8 giant cockroaches
  10 goblins
  11 hobgoblins
  4 jackals (D:3)
  2 quokkas
  3 ball pythons (D:3)
  5 frilled lizards
  4 kobolds
  A leopard gecko zombie (D:5)
  A quokka skeleton (D:4)
  5 rats
108 creatures vanquished.

Vanquished Creatures (collateral kills)
  An orc wizard (D:3)
  An orc (D:4)
2 creatures vanquished.

Grand Total: 110 creatures vanquished

Notes
Turn   | Place    | Note
-------+----------+-------------------------------------------
     0 | D:1      | Gorice the Demonspawn Wanderer began the quest for the Orb.
     0 | D:1      | Gorice set off with: a +2 dagger, a potion of berserk rage, a potion of curing, the Volume of the Glacier, a +0 robe, a bread ration {!e}
     0 | D:1      | Reached XP level 1. HP: 18/18 MP: 2/2
     0 | D:1      | Identified the Volume of the Glacier
     2 | D:1      | Learned a level 1 spell: Freeze
   247 | D:1      | Gained mutation: You are partially covered in yellow scales. (AC +2) [demonic ancestry]
   247 | D:1      | Reached XP level 2. HP: 24/24 MP: 0/3
   321 | D:1      | Reached skill level 2 in Ice Magic
   995 | D:1      | Gained mutation: You sometimes gain a little power by taking damage. [demonic ancestry]
   995 | D:1      | Reached XP level 3. HP: 28/29 MP: 2/4
  1108 | D:1      | Reached skill level 3 in Ice Magic
  1499 | D:2      | Reached XP level 4. HP: 22/35 MP: 1/5
  1763 | D:2      | Reached skill level 4 in Ice Magic
  1845 | D:2      | Found an opulent altar of Gozag.
  1959 | D:2      | Found a runed door.
  1964 | D:2      | Noticed Crazy Yiuf
  1971 | D:2      | Killed Crazy Yiuf
  1971 | D:2      | Reached XP level 5. HP: 38/41 MP: 2/6
  2082 | D:2      | Learned a level 3 spell: Ozocubu's Armour
  2169 | D:3      | Noticed darxusza's ghost (weakling HaHu)
  2198 | D:3      | Killed darxusza's ghost
  2490 | D:3      | Found a basalt altar of Yredelemnul.
  2505 | D:3      | Found a stormy altar of Qazlal.
  2536 | D:3      | Found a glowing silver altar of Zin.
  2554 | D:3      | Found a hide-covered altar of Uskayaw.
  2569 | D:3      | Learned a level 1 spell: Animate Skeleton
  2584 | D:3      | Learned a level 1 spell: Summon Small Mammal
  2602 | D:3      | Became a worshipper of Yredelemnul the Dark
  2902 | D:3      | Reached skill level 5 in Ice Magic
  3607 | D:3      | Reached skill level 2 in Spellcasting
  3607 | D:3      | Gained mutation: You sometimes gain power by taking damage. [demonic ancestry]
  3607 | D:3      | Reached XP level 6. HP: 26/47 MP: 6/9
  3986 | D:4      | Noticed Mitsuki's ghost (amateur HOFi)
  4973 | D:4      | Reached * piety under Yredelemnul
  5043 | D:4      | Reached skill level 6 in Ice Magic
  5167 | D:5      | Entered Level 5 of the Dungeon
  5231 | D:5      | Noticed an ice beast
  5286 | D:5      | Killed an ice beast
  5286 | D:5      | Reached skill level 3 in Spellcasting
  5286 | D:5      | Gained mutation: You are mostly covered in yellow scales. (AC +3) [demonic ancestry]
  5286 | D:5      | Reached XP level 7. HP: 52/52 MP: 8/11
  5609 | D:5      | Noticed Armakuni's ghost (novice HuNe)
  5691 | D:4      | HP: 11/52 [Mitsuki's ghost (12)]
  5693 | D:4      | Slain by Mitsuki's ghost

Vault maps used:
D:1:      elethiomel_arrival_infinity_welcomes_careful_drivers,
          serial_bayou_lake_a
D:2:      nicolae_overflow_hidden_temple, uniq_crazy_yiuf_cottage
D:3:      nicolae_overflow_quartered_altars
D:4:      first_bread
D:5:      serial_shops, shop, corexii_checkpoint_a, serial_park_tiny_2

Skill      XL: |  1  2  3  4  5  6 |
---------------+-------------------+-----
Ice Magic      | 2 3 4 5 6 |  6.4
Spellcasting   | 2 3 |  3.1
Fighting       | |  3.0
Stealth        | |  1.7
Shields        | |  1.0
Unarmed Combat | |  1.0
Poison Magic   | |  1.0

Action                   |  1- 3 |  4- 6 |  7- 9 || total
-------------------------+-------+-------+-------++-------
Melee: Dagger            |    92 |   181 |    29 ||   302
       Punch             |     1 |     1 |     1 ||     3
Throw: Stone             |     3 |       |       ||     3
       Tomahawk          |       |     1 |       ||     1
 Cast: Freeze            |    45 |    59 |     9 ||   113
       Animate Skeleton  |       |    11 |       ||    11
       Summon Small Mamm |       |     4 |     5 ||     9
       Ozocubu's Armour  |       |     2 |     1 ||     3
Evoke: Wand              |       |     3 |       ||     3
  Use: Scroll            |     5 |     7 |     1 ||    13
 Stab: Sleeping          |     4 |     4 |       ||     8
  Eat: Chunk             |     4 |    12 |     1 ||    17
       Royal jelly       |       |     1 |       ||     1
Armor: Robe              |    54 |    48 |     7 ||   109
       Ring mail         |       |    15 |       ||    15
Dodge: Dodged            |    95 |   123 |    20 ||   238

Table legend:
 A = Spawn XP
 B = Non-spawn XP
 C = Spawn XP percentage of total XP
 D = Spawn monster count
 E = Non-spawn monster count
 F = Spawn count percentage of total count
 G = Total turns spent on level
                    A         B        C        D         E        F      G
               +---------+---------+-------+---------+---------+-------+---------
         Total |       0 |     901 |   0.0 |       0 |     110 |   0.0 |  5693
               +---------+---------+-------+---------+---------+-------+---------
           D:1 |       0 |      56 |   0.0 |       0 |      29 |   0.0 |  1257
           D:2 |       0 |     141 |   0.0 |       0 |      23 |   0.0 |   886
           D:3 |       0 |     250 |   0.0 |       0 |      35 |   0.0 |  2170
           D:4 |       0 |     224 |   0.0 |       0 |      12 |   0.0 |   898
           D:5 |       0 |     230 |   0.0 |       0 |      11 |   0.0 |   482
               +---------+---------+-------+---------+---------+-------+---------

Table legend:
 A = Turns spent in this place as a percentage of turns spent in the entire game.
 B = Non-inter-level travel turns spent in this place as a percentage of non-inter-level travel turns spent in the entire game.
 C = Inter-level travel turns spent in this place as a percentage of turns spent in this place.
 D = Turns resting spent in this place as a percentage of non-inter-level travel turns spent in this place.
 E = Turns spent auto-exploring this place as a percentage of non-inter-level travel turns spent in this place.
 F = Non-inter-level travel turns spent in this place divided by the number of levels of this place that you've seen.
                   A       B       C       D       E      F
               +-------+-------+-------+-------+-------+----------------------
         Total | 100.0 | 100.0 |   4.1 |  28.9 |  34.4 | 1091.6
       Dungeon | 100.0 | 100.0 |   4.1 |  28.9 |  34.4 | 1091.6
               +-------+-------+-------+-------+-------+----------------------

Vault maps used:
D:1:      elethiomel_arrival_infinity_welcomes_careful_drivers,
          serial_bayou_lake_a
D:2:      nicolae_overflow_hidden_temple, uniq_crazy_yiuf_cottage
D:3:      nicolae_overflow_quartered_altars
D:4:      first_bread
D:5:      serial_shops, shop, corexii_checkpoint_a, serial_park_tiny_2
